Cogmind - Beta 14 @@@ ROGUE MODE // 2024.11.09 @ 00:41:08 Player: Fangrelle Result: Destroyed by X-62 Marksman with Pulse Rifle Performance ------------- Evolutions (2) 1000 Regions Visited (5) 1000 Robots Destroyed (68) 340 Value Destroyed (2022) 2022 Prototype IDs (25) 500 Alien Tech Used (0) 0 Bonus (405) 405 TOTAL SCORE: 5267 Bonus ------- Follower Combat Kills 105 Aligned with FarCom 300 Cogmind --------- Core Integrity 0/550 Matter 248/300 Energy 237/240 System Corruption 0% Temperature Cool (99) Movement Walking (270) Ox2 Location -8/Materials Parts ------- > --- POWER (1) -------- Nuclear Core > --- PROPULSION (4) --- VSS Leg VSS Leg VSS Leg VSS Leg > --- UTILITY (4) ------ Huge Storage Unit Hardened Light Armor Plating Hardened Light Armor Plating Hardened Medium Armor Plating > --- WEAPON (2) ------- High-powered Shotgun Gauss Rifle > --- INVENTORY (25) --- Flying Fortress v7 Improved Cooling System Medium Storage Unit High-capacity Matter Pod (153) Structural Scanner ECM Suite Reaction Control System Improved Propulsion Shielding Improved Propulsion Shielding Improved Propulsion Shielding Hardened Light Armor Plating Hardened Light Armor Plating Hardened Light Armor Plating Hardened Light Armor Plating Hacking Suite Hacking Suite System Shield Splice Drone Bay (6/6) Mini Grenade Launcher Datajack Blade Saw Blade Saw Peak State ------------ > --- POWER ------------ Nuclear Core > --- PROPULSION ------- VSS Leg VSS Leg VSS Leg VSS Leg > --- UTILITY ---------- Huge Storage Unit Hardened Light Armor Plating Hardened Light Armor Plating Hardened Medium Armor Plating > --- WEAPON ----------- Gauss Rifle Scythe > --- INVENTORY -------- Flying Fortress v7 Improved Cooling System Medium Storage Unit High-capacity Matter Pod Structural Scanner ECM Suite Reaction Control System Improved Propulsion Shielding Improved Propulsion Shielding Improved Propulsion Shielding Hardened Light Armor Plating Hardened Light Armor Plating Hardened Light Armor Plating Hardened Light Armor Plating Hacking Suite Hacking Suite System Shield Splice Drone Bay Mini Grenade Launcher Datajack Blade Saw Blade Saw [Rating: 38] Favorites ----------- Power Ion Engine Engine Ion Engine Power Core Nuclear Core Propulsion Wheel Treads Light Treads Leg VSS Leg Wheel Wheel Flight Unit Cesium-ion Thruster Utility Huge Storage Unit Device Sensor Array Storage Huge Storage Unit Processor Improved Salvage Targeting Computer Protection Hardened Light Armor Plating Weapon Assault Rifle Energy Gun EM Shotgun Energy Cannon Beam Cannon Ballistic Gun Assault Rifle Ballistic Cannon Improved Light Cannon Slashing Weapon Scythe Build | -11 -10 -10 -10 -9 -8 ------- Run | Yrd Mat Min Exi Min Mat Slots Evolved 4 | . . . . . 4 Power . | . . . . . . Propulsion 2 | . . . . . 2 Utility 2 | . . . . . 2 Weapon . | . . . . . . Parts Attached 76 | 6 9 4 . 4 53 Power 8 | 1 2 . . . 5 Engine 7 | 1 2 . . . 4 Core 1 | . . . . . 1 Reactor . | . . . . . . Propulsion 23 | 2 1 . . 2 18 Treads 6 | 2 . . . . 4 Leg 9 | . . . . 1 8 Wheel 5 | . 1 . . 1 3 Hover . | . . . . . . Flight 3 | . . . . . 3 Utility 21 | 1 6 2 . . 12 Device 9 | . 3 2 . . 4 Storage 2 | 1 1 . . . . Processor 3 | . . . . . 3 Hackware . | . . . . . . Protection 7 | . 2 . . . 5 Artifact . | . . . . . . Weapon 24 | 2 . 2 . 2 18 Energy Gun 4 | . . . . 1 3 Energy Cannon 9 | . . 2 . 1 6 Ballistic Gun 4 | 2 . . . . 2 Ballistic Cannon 4 | . . . . . 4 Launcher . | . . . . . . Special Weapon . | . . . . . . Impact Weapon . | . . . . . . Slashing Weapon 3 | . . . . . 3 Piercing Weapon . | . . . . . . Special Melee Weapon . | . . . . . . Unidentified Prototypes 2 | . . 1 . . 1 Corrupted Parts 1 | . . . . 1 . System Corruption 10 | . . . . 10 . Parts Lost 24 | . 3 1 . 2 18 Power 2 | . . . . 1 1 Propulsion 10 | . 2 . . . 8 Utility 5 | . 1 . . 1 3 Weapon 7 | . . 1 . . 6 Highest Loss Streak 5 | . 2 1 . 2 5 To Critical Strikes 1 | . . . . . 1 Average Slot Usage (%) 79 | . 98 85 57 56 78 Engine 9 | . 13 14 14 2 6 Treads 8 | . 24 . . . 5 Leg 2 | . . . . 3 5 Wheel 10 | . 2 14 14 21 10 Flight 2 | . . . . . 6 Device 6 | . 8 14 14 2 3 Storage 11 | . 14 14 14 14 9 Processor 4 | . . . . . 10 Protection 2 | . 4 . . . 3 Energy Gun 1 | . . . . 5 2 Energy Cannon 5 | . . 14 . 5 7 Ballistic Gun 8 | . 28 13 . . . Ballistic Cannon 2 | . . . . . 4 Peak Build Rating 38 | 6 8 13 11 14 38 Average Rating 17 | 4 7 7 9 11 28 On Entrance 7 | . 6 7 9 11 14 Naked Turns . | . . . . . . Heaviest Build 112 | 13 91 92 86 86 112 Greatest Support 48 | 40 40 10 10 22 48 Greatest Overweight (x) 32 | . 8 9 8 8 32 Average Overweight (x) 5 | . 3 8 8 4 5 Largest Inventory Capacity 25 | 8 25 25 25 25 25 Average Capacity 24 | 7 24 25 25 25 25 Most Carried 25 | 3 16 17 25 25 25 Average Carried 19 | 1 11 14 23 23 24 Final Capacity 25 | 8 25 25 25 25 25 Final Carried 25 | 3 14 17 24 24 25 Class Distribution -------------------- 95% | Mutant 4% | Scavenger-Mutant Dominant Class ---------------- Mutant | -10/Materials Mutant | -10/Mines Mutant | -10/Exiles Mutant | -9/Mines Mutant | -8/Materials Resources | -11 -10 -10 -10 -9 -8 ----------- Run | Yrd Mat Min Exi Min Mat Matter Collected 2063 | 194 352 284 122 95 1016 Remotely . | . . . . . . Salvage Created 2416 | . 639 67 . . 1710 Parts 164 | . 53 2 . . 109 Haulers Intercepted 5 | . 1 . . . 4 Recyclers Shooed . | . . . . . . Parts Field Recycled . | . . . . . . Retrieved Matter . | . . . . . . Parts Self-Destructed . | . . . . . . Prevented . | . . . . . . Kills | -11 -10 -10 -10 -9 -8 ------- Run | Yrd Mat Min Exi Min Mat Combat Hostiles Destroyed 52 | . 18 5 . . 29 Guns 23 | . 18 1 . . 4 Cannons 28 | . . 4 . . 24 AOE 1 | . . . . . 1 Classes Destroyed 13 | . 6 1 . . 6 Worker 3 | . 1 . . . 2 Builder 2 | . . . . . 2 Hauler 5 | . 1 . . . 4 Mechanic 1 | . . . . . 1 Operator 1 | . 1 . . . . Watcher 7 | . 3 . . . 4 Swarmer 14 | . 9 2 . . 3 Cutter 1 | . . . . . 1 Grunt 19 | . 9 . . . 10 Duelist 1 | . . . . . 1 Sentry 6 | . . . . . 6 Specialist 8 | . . . . . 8 Assembled 3 | . . 3 . . . Best Kill Streak 6 | . 4 1 . . 6 Combat Bots Only 4 | . 4 1 . . 3 Max Kills in Single Turn 2 | . 2 1 . . 2 Gunslinging 1 | . 1 . . . . Exploded 1 | . . . . . 1 Melee . | . . . . . . Uniques/NPCs Destroyed . | . . . . . . Combat | -11 -10 -10 -10 -9 -8 -------- Run | Yrd Mat Min Exi Min Mat Hostile Shots Fired 500 | . 94 22 . . 384 Missed 182 | . 28 6 . . 148 Damage Taken 4180 | . 644 176 . 118 3242 Core 771 | . 78 75 . 59 559 Absorbed by Shields 177 | . . . . . 177 Core Remaining (%) 57 | 100 . . . 15 . Volleys Fired 280 | . 74 17 . . 189 Largest 2 | . 2 2 . . 2 Hottest 143 | . 40 120 . . 143 Shots Fired 484 | . 149 34 . 1 300 Gun 228 | . 149 10 . . 69 Cannon 256 | . . 24 . 1 231 Launcher . | . . . . . . Special . | . . . . . . Kinetic 290 | . 149 10 . . 131 Thermal 162 | . . 24 . 1 137 Explosive . | . . . . . . Electromagnetic 32 | . . . . . 32 Robot Hit Streak 13 | . 13 6 . . 11 Robot Miss Streak 5 | . 5 2 . 1 5 Penetration Max . | . . . . . . Secondary Targets 3 | . 3 . . . . Max Gunslinging Chain 1 | . 1 . . . . Shots Hit Robots 259 | . 96 21 . . 142 Core Hits 108 | . 41 7 . . 60 Critical Kills 1 | . 1 . . . . Critical Parts Destroyed . | . . . . . . Critical Strikes 2 | . 1 . . . 1 Burn 1 | . . . . . 1 Destroy 1 | . 1 . . . . Melee Attacks . | . . . . . . Impact . | . . . . . . Slashing . | . . . . . . Piercing . | . . . . . . Sneak Attacks . | . . . . . . Combat Hostiles . | . . . . . . Follow-up Attacks . | . . . . . . Damage Inflicted 4629 | . 1024 314 . . 3291 Guns 1714 | . 1024 86 . . 604 Cannons 2783 | . . 228 . . 2555 Explosions 132 | . . . . . 132 Melee . | . . . . . . Ramming . | . . . . . . Kinetic 2497 | . 1024 86 . . 1387 Thermal 1746 | . . 228 . . 1518 Explosive . | . . . . . . Electromagnetic 386 | . . . . . 386 Impact . | . . . . . . Slashing . | . . . . . . Piercing . | . . . . . . Highest Corruption 13 | . 2 2 2 13 . Average Corruption 4 | . 2 2 2 11 . Corruption Purged . | . . . . . . Corruption Blocked . | . . . . . . Effects 87 | . 16 18 10 43 . Message Errors 24 | . 5 6 3 10 . Matter Fused 22 | . 3 6 1 12 . Heat Flow Errors 13 | . 2 2 3 6 . Energy Discharges 7 | . 1 1 2 3 . Parts Rejected 1 | . . 1 . . . Parts Fused 3 | . 1 . . 2 . Data Loss (minor) 10 | . 3 2 . 5 . Data Loss (major) 5 | . . . 1 4 . Misfires 2 | . 1 . . 1 . Overload Shots . | . . . . . . Overflow Damage 46 | . . 24 . . 22 Projectiles 46 | . . 24 . . 22 Explosions . | . . . . . . Melee . | . . . . . . Knockbacks 16 | . . . . . 16 Impact . | . . . . . . Kinetic 15 | . . . . . 15 Secondary 1 | . . . . . 1 Self-Inflicted Damage 90 | . . . . . 90 Shots 2 | . . . . . 2 Rammed . | . . . . . . Targets Rammed . | . . . . . . Kicked . | . . . . . . Crushed . | . . . . . . Highest Temperature 364 | . 275 300 243 240 364 Average Temperature 83 | . 43 101 100 106 86 Received Heat Transfer 888 | . 240 60 . . 588 Effects 2 | . . . . . 2 Shutdowns 1 | . . . . . 1 Interference 1 | . . . . . 1 Siege Activations . | . . . . . . Robots Corrupted . | . . . . . . Combat Hostiles . | . . . . . . Parts Fried 1 | . . . . . 1 Impact Corruptions . | . . . . . . Robots Melted . | . . . . . . Combat Hostiles . | . . . . . . Parts Melted 7 | . . . . . 7 Heat Transferred 3147 | . . 481 . . 2666 Parts Sabotaged . | . . . . . . Parts Stolen . | . . . . . . Parts Stripped . | . . . . . . Power Chain Reactions 3 | . . . . . 3 Alert | -11 -10 -10 -10 -9 -8 ------- Run | Yrd Mat Min Exi Min Mat Peak Influence 386 | . 386 168 . . 273 Initial 148 | . . 148 . . . Average 96 | . 149 69 . . 105 Maximum Alert Level 1 | . 1 . . . 1 Low Security (%) 84 | 100 59 100 . 100 89 Level 1 15 | . 40 . . . 10 Level 2 . | . . . . . . Level 3 . | . . . . . . Level 4 . | . . . . . . Level 5 . | . . . . . . High Security . | . . . . . . Max Security . | . . . . . . Squads Dispatched 13 | . 5 . . . 8 Investigation 4 | . 2 . . . 2 Extermination . | . . . . . . Reinforcement 9 | . 3 . . . 6 Assault . | . . . . . . Garrison . | . . . . . . Intercept . | . . . . . . Searches Triggered . | . . . . . . Construction Impeded . | . . . . . . Haulers Reinforced . | . . . . . . Active Scanning Responses . | . . . . . . Cargo Convoy Interrupts . | . . . . . . Stealth | -11 -10 -10 -10 -9 -8 --------- Run | Yrd Mat Min Exi Min Mat Distress Signals 7 | . 3 1 . . 3 Communications Jammed . | . . . . . . Distress Signals . | . . . . . . Times Spotted 92 | . 28 11 . 2 51 Peak Tracking Total 7 | . 5 5 . 2 7 Tactical Retreats 5 | . 4 1 . . . Traps | -11 -10 -10 -10 -9 -8 ------- Run | Yrd Mat Min Exi Min Mat Traps Triggered 4 | . 3 . . . 1 Indirectly . | . . . . . . Trap Hack Attempts . | . . . . . . Triggered . | . . . . . . Disarmed . | . . . . . . Reprogrammed . | . . . . . . Reused . | . . . . . . Traps Extracted . | . . . . . . Installed . | . . . . . . Triggered 1 | . . . . 1 . Machines | -11 -10 -10 -10 -9 -8 ---------- Run | Yrd Mat Min Exi Min Mat Machines Disabled 10 | . 2 . . . 8 Max in Single Turn 1 | . 1 . . . 1 Garrison Access 1 | . . . . . 1 Machines Repaired . | . . . . . . Machines Dismantled . | . . . . . . Machines Sabotaged . | . . . . . . Overloaded Fab Kills . | . . . . . . Hacking | -11 -10 -10 -10 -9 -8 --------- Run | Yrd Mat Min Exi Min Mat Machines Accessed 21 | . 7 2 1 . 11 Terminals 14 | . 5 . . . 9 Fabricators . | . . . . . . Repair Stations . | . . . . . . Recycling Units 2 | . 2 . . . . Scanalyzers 1 | . . . . . 1 Garrison Access 1 | . . . . . 1 Total Hacks 65 | . 18 2 1 . 44 Successful 41 | . 13 2 1 . 25 Failed 24 | . 5 . . . 19 Catastrophic . | . . . . . . Database Lockouts . | . . . . . . Manual 55 | . 17 . 1 . 37 Terminals 51 | . 14 . . . 37 Fabricators . | . . . . . . Repair Stations . | . . . . . . Recycling Units 4 | . 4 . . . . Scanalyzers 6 | . . . . . 6 Garrison Access 1 | . . . . . 1 Terminal Hacks 6 | . 1 2 1 . 2 Robot Analysis 1 | . . . . . 1 Open Door 2 | . . 2 . . . Terminal Index 1 | . . . . . 1 Alert Level 1 | . 1 . . . . Derelict Proto ID Bank 1 | . . . 1 . . Fabricator Hacks . | . . . . . . Repair Station Hacks . | . . . . . . Recycling Unit Hacks . | . . . . . . Scanalyzer 5 | . . . . . 5 Insert Component 2 | . . . . . 2 Analyze 3 | . . . . . 3 Garrison Access Hacks 1 | . . . . . 1 Seal Access 1 | . . . . . 1 Unauthorized Hacks 27 | . 10 . . . 17 Terminals 25 | . 8 . . . 17 Assimilate 4 | . 3 . . . 1 Botnet 11 | . 3 . . . 8 Operators 2 | . . . . . 2 Skim 8 | . 2 . . . 6 Fabricators . | . . . . . . Repair Stations . | . . . . . . Recycling Units 2 | . 2 . . . . Tunnel 2 | . 2 . . . . Scanalyzers . | . . . . . . Garrison Access . | . . . . . . Data Cores Recovered . | . . . . . . Used . | . . . . . . Hacking Detections 13 | . 3 . . . 10 Full Trace Events . | . . . . . . Feedback Events . | . . . . . . Feedback Blocked . | . . . . . . Robot Schematics Acquired . | . . . . . . Robots Built . | . . . . . . Authchips . | . . . . . . Time . | . . . . . . Total Robot Build Rating . | . . . . . . Part Schematics Acquired 2 | . . . . . 2 Parts Built . | . . . . . . Authchips . | . . . . . . Time . | . . . . . . Total Part Build Rating . | . . . . . . Parts Repaired . | . . . . . . Time . | . . . . . . Parts Recycled . | . . . . . . Recycled Matter . | . . . . . . Retrieved Matter . | . . . . . . Retrieved Components . | . . . . . . Parts Scanalyzed 2 | . . . . . 2 Part Schematics Acquired 2 | . . . . . 2 Parts Damaged . | . . . . . . Bothacking | -11 -10 -10 -10 -9 -8 ------------ Run | Yrd Mat Min Exi Min Mat Used RIF Installer . | . . . . . . Robots Hacked . | . . . . . . Non-combat . | . . . . . . Combat . | . . . . . . Robot Hacks Applied . | . . . . . . Relay Couplers Released . | . . . . . . Fabnet Peak Effective % . | . . . . . . Robots Rewired . | . . . . . . Allies Hacked . | . . . . . . Hacks Repelled . | . . . . . . Allies | -11 -10 -10 -10 -9 -8 -------- Run | Yrd Mat Min Exi Min Mat Total Allies 8 | . . 1 . 6 1 Largest Group 6 | . . 1 . 6 6 Highest-Rated Group 109 | . . 31 . 109 109 Highest-Rated Ally 31 | . . 31 . 31 31 Total Orders 1 | . . . . . 1 STAY 1 | . . . . . 1 Ally Attacks 55 | . . 2 . . 53 Total Damage 580 | . . 22 . . 558 Kills 4 | . . 1 . . 3 Allies Corrupted . | . . . . . . Allies Melted . | . . . . . . Intel | -11 -10 -10 -10 -9 -8 ------- Run | Yrd Mat Min Exi Min Mat Robot Analysis Total 1 | . . . . . 1 Derelict Logs Recovered 1 | . . . . 1 . Drone Launches . | . . . . . . Drone Recoveries . | . . . . . . Exploration | -11 -10 -10 -10 -9 -8 ------------- Run | Yrd Mat Min Exi Min Mat Turns Passed 9595 | 81 2247 1123 696 1205 4243 Spaces Moved 3497 | 45 720 498 346 722 1166 Core 6 | 2 . . . . 4 Treads 813 | 43 533 . . . 237 Legs 119 | . . . . 1 118 Wheels 2502 | . 187 498 346 721 750 Hover . | . . . . . . Flight 57 | . . . . . 57 Fastest Speed 50 | 50 160 200 200 130 130 Average Speed 238 | 155 272 207 200 153 299 Slowest Speed 1650 | 160 320 215 200 610 1650 Overloaded Moves . | . . . . . . Propulsion Burnouts . | . . . . . . Robots Hopped . | . . . . . . Cave-ins Triggered . | . . . . . . Exploration Rate (%) 72 | 4 98 79 84 97 73 Regions Visited 5 Branch Regions 3 Pre-discovered Areas 5 | . 2 1 . . 2 Known Exits Taken . | . . . . . . Unknown Exits Taken 5 | 1 1 1 1 1 . Scrap Searched 2 | . . . . 2 . Spaces Dug 11 | . . . . . 11 Terrain Destroyed 38 | . . . . . 38 Melee . | . . . . . . Projectile 38 | . . . . . 38 AOE . | . . . . . . Terrain Rammed . | . . . . . . Walls Destroyed . | . . . . . . Machines Disabled . | . . . . . . Actions | -11 -10 -10 -10 -9 -8 --------- Run | Yrd Mat Min Exi Min Mat Total 4281 | 53 869 558 353 821 1627 Wait 325 | . 54 33 . 93 145 Move 3492 | 44 719 497 345 721 1166 Hop . | . . . . . . Pick Up 54 | 3 12 5 4 2 28 Fast Attach 50 | 6 3 . . 2 39 Attach 16 | . 2 4 . 2 8 Detach 6 | . . 2 2 . 2 Swap 10 | . 4 . . . 6 Drop 48 | . 1 . 2 1 44 Fire 280 | . 74 17 . . 189 Melee . | . . . . . . Ram . | . . . . . . Kick . | . . . . . . Crush . | . . . . . . Escape Stasis . | . . . . . . Rewire . | . . . . . . Trap . | . . . . . . Miscellaneous . | . . . . . . Route ------- -11/Scrapyard -10/Materials (discovered 5 exits: [*Mat x3] / *Min / [*Sub]) -10/Mines (discovered 2 exits: [*Mat] / *Exi) -10/Exiles -9/Mines (discovered 2 exits: *Mat x2) -8/Materials (discovered 3 exits: *Fac x3) History --------- Turn | Location | Event 7 | -11/Scrapyard | Discovered new exit (range 14) 82 | -11/Scrapyard | Entered Materials 318 | -10/Materials | Build established: Mutant 534 | -10/Materials | Discovered new exit (range 9) 1126 | -10/Materials | Discovered new exit (range 3) 1814 | -10/Materials | Discovered new exit (range 12) 1946 | -10/Materials | Discovered new exit (range 8) 2233 | -10/Materials | Discovered new exit (range 10) 2329 | -10/Materials | Entered Mines 2338 | -10/Mines | Escorted by a lone wolf Derelict 2358 | -10/Mines | Learned location of Storage (-9) 2368 | -10/Mines | Met a Derelict bent on vengeance 2699 | -10/Mines | Deemed a non-threat by the Exiles lab entrance 2701 | -10/Mines | Discovered new exit (range 5) 2770 | -10/Mines | Found the Drone Emporium 2781 | -10/Mines | Found Prototype Device 2783 | -10/Mines | Identified Splice Drone Bay 2862 | -10/Mines | Assembled infested the area 2970 | -10/Mines | Discovered new exit (range 6) 3229 | -10/Mines | Core integrity fell below 50% 3452 | -10/Mines | Entered Exiles 3506 | -10/Exiles | Met 8R-AWN 3538 | -10/Exiles | Met EX-HEX 3594 | -10/Exiles | Met EX-BIN 3618 | -10/Exiles | Aligned with FarCom system 3620 | -10/Exiles | Given EX-Vault access code 3668 | -10/Exiles | Opened EX-Vault 3679 | -10/Exiles | Found Flying Fortress v7 3720 | -10/Exiles | Warned to stay clear of 0b10 Research branches 3776 | -10/Exiles | Met EX-DEC 3891 | -10/Exiles | Visited The Gauntlet 4130 | -10/Exiles | Discovered new exit (range 10) 4148 | -10/Exiles | Left Exiles lab with Flying Fortress v7 4148 | -10/Exiles | Entered Mines 4232 | -9/Mines | Learned Materials garrison access intel 4346 | -9/Mines | Core integrity fell below 20% 4362 | -9/Mines | System corruption reached 10% 4690 | -9/Mines | Assisted by bots powering up and referring to "LRC-V3" 5099 | -9/Mines | Discovered new exit (range 5) 5121 | -9/Mines | Discovered new exit (range 11) 5133 | -9/Mines | Received a Mining Laser from a helpful Derelict 5353 | -9/Mines | Entered Materials 5353 | -8/Materials | Accompanied by 6 allies 5353 | -8/Materials | Evolved 4 slots: Propulsion x2, Utility x2 5354 | -8/Materials | Loaded intel: 1 garrison access location 5364 | -8/Materials | Led the pair of lost Derelicts to an unsafe place 6440 | -8/Materials | Learned 4 Factory zone layouts 6505 | -8/Materials | Discovered new exit (range 3) 6557 | -8/Materials | Learned location of 2 exits from Factory 6639 | -8/Materials | Learned Storage emergency access door positions 6701 | -8/Materials | Learned 4 Recycling zone layouts 6750 | -8/Materials | Identified exit to Factory 6923 | -8/Materials | Lost 5 parts (3n1u1w) 7003 | -8/Materials | Core integrity fell below 50% 8190 | -8/Materials | Lost 4 parts (1p2n1w) 9329 | -8/Materials | Core integrity fell below 20% 9596 | -8/Materials | Destroyed by X-62 Marksman with Pulse Rifle Last Messages --------------- 09500_ VSS Leg destroyed. 09500_ Slug penetrates X-57 Shotgunner. 09502_ X-57 Shotgunner destroyed. 09533_ Dropped Scythe. 09534_ Acquired Hpw. Shotgun. 09535_ Acquired 29 matter. 09546_ Acquired VSS Leg. 09558_ Acquired 20 matter. 09572_ Acquired 39 matter. 09577_ Dropped VSS Leg. 09579_ Acquired 14 matter. 09581_ ALERT: Suspicious intruders detected, dispatching Specialist reinforcements to area. 09584_ Acquired 43 matter. 09586_ Penetrated by Slug. 09587_ Slug penetrates X-62 Marksman. 09587_ Slug penetrates Wall. 09589_ Penetrated by Slug. 09590_ X-62 Marksman destroyed. 09593_ Slug penetrates Wall. 09593_ Penetrated by Slug. Map ----- +----------------------------------------------------+ | ??????????????????????????????########### | | ????????????????????????????????????????# | | ????????????????????????????????????????# | | ????????????????????????????????????????# | | ????????????????????????????????????????# | | ????????????????????????????????????????# | | ????????????????????????????????????????# | | ??????????????????????????????????????? # | | ????????????Y???????????????????????????# | | ????????????????????????????????????????# | | ??????????????????????????# ???????????# | | ??????????????????????????# ########### | | ??????????????????????????# "" | | ??????????????????????????# "T"% | | ??????????????????????????# % | | ????????????????????????????##### | | ????????????????????????????????# | | ????????????????????????????????# | | ????????????????????????????????# | | ????????????#######?????????????# | | ???????????? ??????????????# """" | | ?????????????